 Dungeon Crawl Stone Soup version 0.21-a0-186-g02e8684 (webtiles) character file.

1508 tehllama the Insei (level 8, -2/48 HPs)
             Began as an Octopode Transmuter on Aug 13, 2017.
             Was a Follower of Cheibriados.
             Slain by a killer bee (9 damage)
             ... on level 8 of the Dungeon on Aug 14, 2017.
             The game lasted 00:28:47 (7759 turns).

tehllama the Insei (Octopode Transmuter)            Turns: 7759, Time: 00:28:47

Health: -2/48      AC:  2    Str: 13    XL:     8   Next: 82%
Magic:  12/13      EV: 23    Int: 17    God:    Cheibriados [*.....]
Gold:   223        SH:  0    Dex: 24    Spells: 7/13 levels left

rFire    . . .     SeeInvis .     - Unarmed
rCold    . . .     Gourm    .   (shield currently unavailable)
rNeg     . . .     Faith    .   (helmet currently unavailable)
rPois    x         Spirit   .   u - amulet of regeneration
rElec    .         Reflect  .   s - +4 ring of dexterity
rCorr    .         Harm     .   y - ring of wizardry
MR       .....                  (no ring)
Stlth    ++++......             (no ring)
HPRegen  0.56/turn              (no ring)
MPRegen  0.13/turn              (no ring)
                                (no ring)
                                (no ring)

@: lethally poisoned (-2 -> -4), spider-form, very slow
A: almost no armour, stealthy swim, (amphibious), 8 rings, (constrict 8)
a: End Transformation, Bend Time, Renounce Religion


You were on level 8 of the Dungeon.
You worshipped Cheibriados.
Cheibriados was aware of your devotion.
You were not hungry.
You were a venomous arachnid creature.
You visited 2 branches of the dungeon, and saw 9 of its levels.

You collected 362 gold pieces.
You spent 139 gold pieces at shops.

Inventory:

Missiles
 a - 62 arrows
 t - 2 tomahawks (quivered)
Armour
 w - a +0 buckler
Jewellery
 s - a +4 ring of dexterity (left front leg)
 u - an amulet of regeneration (around neck)
 y - a ring of wizardry (right front leg)
Wands
 D - a wand of enslavement (5/24)
Scrolls
 e - 2 scrolls of magic mapping
 f - 4 scrolls of teleportation
 g - 3 scrolls of remove curse
 h - 4 scrolls of blinking
 i - a scroll of enchant weapon {unknown}
 j - a scroll of random uselessness {unknown}
 m - 3 scrolls of fear
 o - 2 scrolls of identify
 x - 4 scrolls of amnesia {unknown}
Potions
 k - a potion of heal wounds
 n - a potion of agility
 p - a potion of haste
 q - 3 potions of mutation
 r - a potion of degeneration {unknown}
 v - a potion of curing {unknown}
 z - a potion of might {unknown}
 A - a potion of magic {unknown}
 C - a potion of ambrosia {unknown}
 E - a potion of lignification {unknown}
Books
 b - a book of Changes

   Spells                             Type                      Level
   a - Beastly Appendage              Transmutation                1
   b - Sticks to Snakes               Transmutation                2
   c - Spider Form                    Transmutation/Poison         3
   d - Ice Form                       Ice/Transmutation            4
   e - Blade Hands                    Transmutation                5
Comestibles
 c - 3 bread rations
 d - 13 fruits
 l - 5 royal jellies


   Skills:
 - Level 1.0 Fighting
 + Level 3.9 Dodging
 + Level 6.0 Stealth
 + Level 3.3 Shields
 * Level 7.1 Unarmed Combat
 + Level 3.3 Spellcasting
 + Level 3.9 Transmutations
 - Level 3.0 Poison Magic


You had 7 spell levels left.
You knew the following spells:

 Your Spells              Type           Power        Failure   Level  Hunger
a - Beastly Appendage     Tmut           ###...       4%          1    None
b - Sticks to Snakes      Tmut           ###.....     6%          2    ##.....
c - Spider Form           Tmut/Pois      ##........   12%         3    ###....


Dungeon Overview and Level Annotations

Branches:
Dungeon (8/15)             Temple (1/1) D:7
   Lair: D:8-11

Altars:
Cheibriados
Gozag
Hepliaklqana
Kikubaaqudgha
Makhleb
Nemelex Xobeh
Okawaru
Qazlal
Sif Muna
Trog
Vehumet
Wu Jian
Xom
Yredelemnul
Zin

Shops:
D:4 [

Annotations:
D:4 Rassilon's ghost, novice GrMo
D:5 schwasted's ghost, novice MiGl


Innate Abilities, Weirdness & Mutations

You cannot wear most types of armour.
You are very stealthy in the water. (Stealth+)
((You are amphibious.))
You can wear up to eight rings at the same time.
((You can use your tentacles to constrict eight enemies at once.))
((Your skin changes colour to match your surroundings (Stealth+).))
((Your rubbery body absorbs attacks. (AC +1, EV +1)))


Message History

The killer bee completely misses you. The killer bee closely misses you.
The killer bee misses you.
You feel sick. The killer bee closely misses you.
The killer bee completely misses you. The killer bee closely misses you.
You feel sick. The killer bee closely misses you. The killer bee misses you.
You feel sick. The killer bee misses you. The killer bee barely misses you.
The killer bee stings you! The killer bee closely misses you.
There is a stone staircase leading down here.
You feel sick. The killer bee completely misses you. The killer bee stings you!
The killer bee stings you but does no damage. x2
The killer bee misses you.
You climb downwards.
A crimson imp comes into view.
You feel sick.
There is a stone staircase leading up here.
Okay, then.
You feel sick. The killer bee closely misses you. The killer bee stings you!
* * * LOW HITPOINT WARNING * * *
The killer bee completely misses you. The killer bee stings you!
You die...

.. ... ..
..^ .## .
...
...##.#.#
#...#.#.##
#....... #
#...5#.##.##
#..yyy...#
##.#s##...#
# #.# ..#
#.# . ...
#.# #.. ...
...


You could see 3 killer bees and a crimson imp (sleeping).

Vanquished Creatures
  An orc warrior (D:6)
  A sky beast (D:5)
  4 ogres
  A phantom (D:7)
  2 bullfrogs (D:6)
  3 scorpions
  2 howler monkeys
  A quasit (D:6)
  2 orc priests
  Crazy Yiuf (D:6)
  An iguana (D:4)
  An orc wizard (D:6)
  2 worker ants (D:7)
  A hound zombie (D:6)
  A hound skeleton (D:4)
  A howler monkey skeleton (D:6)
  2 river rats (D:5)
  7 adders
  2 adder skeletons
  3 worms (D:2)
  A dart slug (D:2)
  3 leopard geckos
  13 orcs
  2 ball pythons (D:3)
  7 bats
  10 giant cockroaches
  9 goblins
  5 hobgoblins
  11 jackals
  3 quokkas
  3 frilled lizards
  A jackal skeleton (D:5)
  8 kobolds
  A leopard gecko skeleton (D:4)
  6 rats
122 creatures vanquished.

Vanquished Creatures (collateral kills)
  2 ogres
  An orc wizard (D:7)
  3 worker ants
  2 orcs
  A giant cockroach (D:4)
  3 jackals
  A quokka (D:7)
  2 rats (D:5)
15 creatures vanquished.

Grand Total: 137 creatures vanquished

Notes
Turn   | Place    | Note
-------+----------+-------------------------------------------
     0 | D:1      | tehllama the Octopode Transmuter began the quest for the Orb.
     0 | D:1      | Reached XP level 1. HP: 13/13 MP: 3/3
     0 | D:1      | Noticed a minotaur zombie
     3 | D:1      | Noticed a merfolk zombie
    10 | D:1      | Noticed a minotaur zombie
   133 | D:1      | Reached XP level 2. HP: 18/18 MP: 5/5
   515 | D:1      | You fall through a shaft!
   542 | D:2      | Found a shimmering altar of Xom.
   542 | D:2      | Found a shimmering altar of Xom.
   545 | D:2      | Found a shimmering altar of Xom.
   545 | D:2      | Found a shimmering altar of Xom.
   547 | D:2      | Found a shimmering altar of Xom.
   554 | D:2      | Reached skill level 4 in Unarmed Combat
   700 | D:2      | Reached XP level 3. HP: 13/23 MP: 6/6
  1064 | D:2      | Found an iron altar of Okawaru.
  1076 | D:2      | Reached skill level 1 in Stealth
  2159 | D:3      | Reached XP level 4. HP: 26/28 MP: 5/7
  2209 | D:3      | Found an opulent altar of Gozag.
  2213 | D:3      | Noticed an ogre
  2239 | D:2      | Learned a level 2 spell: Sticks to Snakes
  2243 | D:2      | Learned a level 3 spell: Spider Form
  2274 | D:3      | Killed an ogre
  2274 | D:3      | Reached skill level 5 in Unarmed Combat
  2274 | D:3      | Reached XP level 5. HP: 22/33 MP: 0/8
  2864 | D:3      | Found an ancient bone altar of Kikubaaqudgha.
  2864 | D:3      | Found a hazy altar of Hepliaklqana.
  3116 | D:4      | Noticed Rassilon's ghost (novice GrMo)
  3396 | D:4      | Noticed a phantom
  3408 | D:4      | Found Hianaddi's Antique Armour Emporium.
  3561 | D:4      | Bought a buckler for 139 gold pieces
  3643 | D:4      | Noticed an ogre
  3645 | D:4      | Noticed an ogre
  3707 | D:4      | Killed an ogre
  3707 | D:4      | Reached skill level 1 in Poison Magic
  3707 | D:4      | Reached XP level 6. HP: 38/38 MP: 1/9
  3908 | D:4      | Reached skill level 1 in Shields
  4318 | D:5      | Entered Level 5 of the Dungeon
  4324 | D:5      | Found a glowing drain.
  4369 | D:5      | Noticed schwasted's ghost (novice MiGl)
  4591 | D:5      | Reached XP level 7. HP: 17/43 MP: 3/10
  5320 | D:6      | Reached skill level 6 in Unarmed Combat
  5576 | D:6      | Reached skill level 5 in Stealth
  5576 | D:6      | Reached XP level 8. HP: 35/48 MP: 9/12
  5697 | D:6      | Found a sparkling altar of Nemelex Xobeh.
  6235 | D:6      | Found a runed door.
  6243 | D:6      | Noticed Crazy Yiuf
  6252 | D:6      | Killed Crazy Yiuf
  7012 | D:7      | Found a staircase to the Ecumenical Temple.
  7023 | Temple   | Entered the Ecumenical Temple
  7064 | Temple   | Became a worshipper of Cheibriados the Contemplative
  7408 | D:7      | Reached * piety under Cheibriados
  7430 | D:7      | Reached skill level 7 in Unarmed Combat
  7759 | D:8      | Slain by a killer bee

Vault maps used:
D:1:      shiori_arrival_whats_in_store_for_you, serial_forest,
          infiniplex_forest_lined_corner, infiniplex_forest_end_1,
          infiniplex_forest_end_1, infiniplex_forest_join,
          infiniplex_forest_lined_2, infiniplex_forest_straight_5,
          infiniplex_forest_lined_room_3
D:2:      kennysheep_okawaru_gauntlet, xom_redecorated
D:3:      gammafunk_temple_overflow_elements, grunt_gozag_statues
D:4:      serial_shops, shop_statue, minmay_item_behind_shaft
D:5:      evilmike_ruin_ashenzari, portal_sewer_entry_c, first_bread
D:6:      nemelex_diamond_rough_becter, uniq_crazy_yiuf_cottage
D:7:      minmay_temple_entry_junction
D:8:      basic_altar, serial_shops,
          nicolae_shop_temple_entry_statues_fountains, uniq_psyche
Temple:   regret_index_temple_mists

Skill      XL: |  1  2  3  4  5  6  7  8 |
---------------+-------------------------+-----
Unarmed Combat | 4 5 6 7 |  7.1
Stealth        | 1 3 4 5 6 |  6.0
Poison Magic   | 1 2 3 |  3.0
Shields        | 1 2 3 |  3.3
Transmutations | 3 |  3.9
Dodging        | 3 |  3.9
Spellcasting   | 3 |  3.3
Fighting       | |  1.0

Action                   |  1- 3 |  4- 6 |  7- 9 || total
-------------------------+-------+-------+-------++-------
Melee: Unarmed           |    88 |   102 |   156 ||   346
       Constrict         |    24 |    31 |    10 ||    65
       Kick              |    11 |    22 |     9 ||    42
       Tentacles         |    11 |    23 |    10 ||    44
       Punch             |     1 |     3 |     3 ||     7
Throw: Tomahawk          |       |     2 |       ||     2
 Cast: Beastly Appendage |    20 |    25 |    15 ||    60
       Sticks to Snakes  |       |    31 |    23 ||    54
       Spider Form       |       |       |    23 ||    23
  Use: Potion            |       |     2 |     2 ||     4
       Scroll            |       |       |     8 ||     8
 Stab: Sleeping          |     9 |     5 |     5 ||    19
       Distracted        |       |     1 |     2 ||     3
  Eat: Chunk             |     4 |     4 |    12 ||    20
       Bread ration      |       |     1 |       ||     1
       Fruit             |       |     3 |     2 ||     5
Armor: Skin              |     4 |     5 |    12 ||    21
Dodge: Dodged            |    47 |    68 |   150 ||   265
